 Dungeon Crawl Stone Soup version 0.31-a0-204-g7da18cac08 (webtiles) character file.

Game seed: 12171143754710120503

148 qw the Skirmisher (level 5, -24/29 HPs)
             Began as a Deep Elf Hunter on June 27, 2023.
             Was an Initiate of Okawaru.
             Annihilated by an ogre
             ... wielding a +0 giant spiked club
              (26 damage)
             ... on level 4 of the Dungeon.
             The game lasted 00:00:44 (2110 turns).

qw the Skirmisher (Deep Elf Hunter)                 Turns: 2110, Time: 00:00:44

Health: -24/29     AC:  6    Str: 10    XL:     5   Next: 8%
Magic:  7/7        EV: 11    Int: 14    God:    Okawaru [......]
Gold:   127        SH:  0    Dex: 18    Spells: 4/4 levels left

rFire   . . .        Y - +0 orcbow
rCold   . . .        (shield currently unavailable)
rNeg    . . .        e - +0 ring mail
rPois   .            (no helmet)
rElec   .            (no cloak)
rCorr   .            (no gloves)
SInv    .            f - +0 pair of boots
Will    +....        (no amulet)
Stlth   +            a - ring of willpower
HPRegen 0.24/turn    (no ring)
MPRegen 0.10/turn

%: no passive effects
@: no status effects
A: no striking features
a: Renounce Religion


You were on level 4 of the Dungeon.
You worshipped Okawaru.
Okawaru was noncommittal.
You visited 2 branches of the dungeon, and saw 5 of its levels.

You collected 127 gold pieces.


   Skills:
 - Level 1.5 Fighting
 + Level 8.5 Ranged Weapons
 - Level 2.4 Dodging
 - Level 1.2 Stealth


You had 4 spell levels left.
You didn't know any spells.
Your spell library was empty.

Inventory:

Hand Weapons
 Y - a +0 orcbow (weapon)
Armour
 e - a +0 ring mail (worn)
 f - a +0 pair of boots (worn)
Jewellery
 a - a ring of willpower (left hand)
 d - a ring of fire
Scrolls
 b - a scroll of enchant weapon {unknown}
 g - 2 scrolls of identify
Potions
 h - a potion of degeneration {unknown}

Dungeon Overview and Level Annotations

Branches:
Dungeon (4/15)             Temple (1/1) D:4

Altars:
Ashenzari
Cheibriados
Dithmenos
Fedhas
Gozag
Hepliaklqana
Kikubaaqudgha
Okawaru
Qazlal
Ru
Sif Muna
Vehumet
Yredelemnul
The Shining One

Annotations:
D:3 1 runed translucent door, Crazy Yiuf


Message History

There is an iron altar of Okawaru here.
Press < or > to pray at altars.
Press < or > to pray at altars.
Press < or > to pray at altars.
Done exploring.
Press < or > to pray at altars.
Press < or > to pray at altars.
You kneel at the altar of Okawaru.
Okawaru welcomes you!
Press < or > to pray at altars.
Press < or > to pray at altars.
Press < or > to pray at altars.
Press < or > to pray at altars.
2073 ||| PLANNING D:1-11 Press < or > to pray at altars.
Done exploring.
Press < or > to pray at altars.
Press < or > to pray at altars.
(D) Dungeon (T) Temple
Where to? (* - list waypoints, Enter - Temple @ (x,y), ? - help)
What level of the Dungeon? (default 4, ? - help) Press < or > to pray at altars.
There is a staircase back to the Dungeon here.
You climb upwards.
Welcome back to the Dungeon!
There is a staircase to the Ecumenical Temple here.
b - a scroll labelled TUNOIPT XIOROWE
g - 2 scrolls of identify (gained 1)
An ogre and a scorpion come into view.
The scorpion moves out of view.
Enter note: You shoot an arrow.
The arrow hits the ogre!
The ogre shouts!
The ogre is heavily wounded.
You shoot an arrow. The arrow barely misses the ogre.
The ogre hits you with a +0 giant spiked club!!
Ouch! That really hurt!
You shoot an arrow. The arrow barely misses the ogre.
The ogre closely misses you.
You shoot an arrow. The arrow hits the ogre.
The ogre is severely wounded.
The ogre hits you with a +0 giant spiked club!!
Ouch! That really hurt!
You die...

.###.....####......
...##..............
....#........##....
#...##.......#....
.....#........#.#
.............##.#
............###.##
...........<.##..#
..<...........#.@#
....#.....#.....#O......
...##.....##..#.#s....##
..##..#.#..##...........
.##..##.##..##..........
....##...##.............
.......>................
....##...##....#........
.## ##.## ##.#......


You could see an ogre and a scorpion.

Vanquished Creatures
  A scorpion (D:4)
  Terence (D:2)
  An adder (D:2)
  2 worms
  2 dart slugs
  An orc (D:3)
  2 bats (D:1)
  An endoplasm (D:3)
  A giant cockroach (D:1)
  2 hobgoblins (D:3)
  5 jackals
  10 ball pythons
  2 frilled lizards
  3 goblins
  7 kobolds
  5 rats
46 creatures vanquished.

Notes
Turn   | Place    | Note
-------+----------+-------------------------------------------
     0 | D:1      | qw the Deep Elf Hunter began the quest for the Orb.
     0 | D:1      | Reached XP level 1. HP: 12/12 MP: 3/3
     0 | D:1      | 0 ||| qw: Version: 0.3-a-22-g0ed2b0b
     0 | D:1      | 0 ||| qw: Game counter: 6601
     0 | D:1      | 0 ||| qw: Melee chars always use a shield: true
     0 | D:1      | 0 ||| qw: God list: Okawaru
     0 | D:1      | 0 ||| qw: Allow faded altars: false
     0 | D:1      | 0 ||| qw: Do Orc after clearing Dungeon:15 true
     0 | D:1      | 0 ||| qw: Do second Lair branch before Depths: true
     0 | D:1      | 0 ||| qw: Lair rune preference: random
     0 | D:1      | 0 ||| qw: Goals: Normal
     0 | D:1      | 0 ||| PLANNING D:1-11
   155 | D:1      | 155 ||| SWAPPING to +0 orcbow.
   157 | D:1      | 157 ||| DROPPING +0 shortbow.
   247 | D:1      | Reached skill level 6 in Ranged Weapons
   247 | D:1      | Reached XP level 2. HP: 16/16 MP: 4/4
   261 | D:1      | 261 ||| FLEEEEING.
   262 | D:1      | 262 ||| FLEEEEING.
   678 | D:1      | 678 ||| UPGRADING to +0 pair of boots.
   683 | D:1      | 683 ||| READING 3 scrolls labelled IDUECIKHLIKK.
   713 | D:1      | 713 ||| READING scroll labelled OLETOI VAEH.
   714 | D:1      | 714 ||| READING scroll labelled NUUZISTEOKH.
   715 | D:1      | 715 ||| READING scroll labelled HEFOM GAUCZOSEA.
   716 | D:1      | 716 ||| READING scroll labelled BUTWUMY NICW.
   717 | D:1      | 717 ||| DROPPING scroll of butterflies.
   718 | D:1      | 718 ||| DROPPING 2 scrolls of torment.
   781 | D:2      | Reached XP level 3. HP: 20/20 MP: 5/5
   827 | D:2      | Noticed Terence
   838 | D:2      | Killed Terence
   839 | D:2      | Reached skill level 7 in Ranged Weapons
  1081 | D:2      | 1081 ||| UPGRADING to ring of willpower.
  1082 | D:2      | 1082 ||| READING scroll labelled KEW OCUCOIKY.
  1096 | D:3      | 1096 ||| STAIRDANCE
  1100 | D:2      | Reached XP level 4. HP: 22/25 MP: 6/6
  1288 | D:3      | Found a runed translucent door.
  1289 | D:3      | Noticed Crazy Yiuf
  1334 | D:3      | Found a shadowy altar of Dithmenos.
  1544 | D:3      | Found a snail-covered altar of Cheibriados.
  1561 | D:3      | 1561 ||| FLEEEEING.
  1562 | D:3      | 1562 ||| FLEEEEING.
  1563 | D:3      | 1563 ||| FLEEEEING.
  1564 | D:3      | 1564 ||| FLEEEEING.
  1565 | D:3      | 1565 ||| FLEEEEING.
  1566 | D:3      | 1566 ||| FLEEEEING.
  1567 | D:3      | 1567 ||| FLEEEEING.
  1568 | D:3      | 1568 ||| FLEEEEING.
  1569 | D:3      | 1569 ||| FLEEEEING.
  1570 | D:3      | 1570 ||| FLEEEEING.
  1571 | D:3      | 1571 ||| FLEEEEING.
  1572 | D:3      | 1572 ||| FLEEEEING.
  1573 | D:3      | 1573 ||| FLEEEEING.
  1574 | D:3      | 1574 ||| FLEEEEING.
  1575 | D:3      | 1575 ||| FLEEEEING.
  1821 | D:3      | 1821 ||| UPGRADING to +0 ring mail.
  1831 | D:3      | 1831 ||| DROPPING +0 leather armour.
  1832 | D:3      | 1832 ||| READING 2 scrolls of identify.
  1832 | D:3      | 1832 ||| IDENTIFYING murky cyan potion
  1833 | D:3      | 1833 ||| DROPPING potion of lignification.
  1860 | D:4      | Found a staircase to the Ecumenical Temple.
  1861 | D:4      | 1861 ||| PLANNING TEMPLE
  1865 | D:4      | Noticed a scorpion
  1870 | D:4      | Killed a scorpion
  1871 | D:4      | Reached skill level 8 in Ranged Weapons
  1871 | D:4      | Reached XP level 5. HP: 17/29 MP: 7/7
  1921 | Temple   | Entered the Ecumenical Temple
  1980 | Temple   | 1980 ||| PLANNING OKAWARU WORSHIP
  2072 | Temple   | Became a worshipper of Warmaster Okawaru
  2073 | Temple   | 2073 ||| PLANNING D:1-11
  2106 | D:4      | Noticed an ogre
  2108 | D:4      | HP: 2/29 [ogre/+0 giant spiked club (27)]
  2110 | D:4      | Annihilated by an ogre

Levels and vault maps discovered:
D:1:      dpeg_arrival_rooms_a, layout_basic
D:2:      layout_rooms, minmay_heptomino_l4, uniq_terence
D:3:      layout_basic, nicolae_dithmenos_shadow_blocks, cheibriados_altar_2,
          grunt_decor_arrowhead, minivault_23, minmay_statues_item,
          minmay_misc_feat_chi, uniq_crazy_yiuf_cottage
D:4:      layout_cave_pools, grunt_temple_overflow_open,
          minmay_temple_entry_waves, minmay_misc_feat_diagonals
Temple:   hellmonk_temple_flake

Skill      XL: |  1  2  3  4 |
---------------+-------------+-----
Ranged Weapons | 6 7 8 |  8.5
Fighting       | |  1.5
Dodging        | |  2.4
Stealth        | |  1.2

Action                     |  1- 3 |  4- 6 || total
---------------------------+-------+-------++-------
   Fire: Orcbow            |    72 |    39 ||   111
         Shortbow          |     5 |       ||     5
    Use: Scroll            |     6 |     1 ||     7
 Armour: Leather armour    |     5 |       ||     5
         Ring mail         |       |     2 ||     2
  Dodge: Dodged            |    29 |     4 ||    33

Table legend:
 A = Non-vault XP
 B = Vault XP
 C = Vault XP percentage of total XP
 D = Non-vault monster count
 E = Vault monster count
 F = Vault count percentage of total count
                 A         B        C        D         E       F
            +---------+---------+-------+---------+---------+-------
      Total |     159 |      53 |  25.0 |      42 |       4 |   8.7
            +---------+---------+-------+---------+---------+-------
        D:1 |      28 |       0 |   0.0 |      19 |       0 |   0.0
        D:2 |      17 |      53 |  75.7 |       9 |       4 |  30.8
        D:3 |      27 |       0 |   0.0 |      12 |       0 |   0.0
        D:4 |      87 |       0 |   0.0 |       2 |       0 |   0.0
            +---------+---------+-------+---------+---------+-------
